AoeStats
← HyenHks

Arena

509953071Analyzed
4v4 RM · 5d ago on Sep 28, 2026· 46m 55s· 8 players
Game mode
Random Map
Map size
Large (8 player)
Population
200
Speed
Normal
Resources
Standard
Victory
Conquest
Starting age
Dark Age
Ending age
Imperial Age
RankedLock teamsTeams togetherTeam positionsShared explorationLock speedFull tech treeHidden civsTurbo modeCheats
Victory
Defeat
🇧🇷 Mongols · Brazil
1220
+14
🇲🇽 Malay · Mexico
1187
+16
🇧🇷 Koreans · Brazil
1163
+17
🇨🇱 Teutons · Chile
1149
+17
🇧🇪 Romans · Belgium
1201
-17
🇳🇴 Hindustanis · Norway
1178
-16
🇧🇷 Burgundians · Brazil
1172
-16
🇸🇪 Bohemians · Sweden
1153
-15
Chaves
11:35 Feudal Age
12:01 Horse Collar
12:09 Double-Bit Axe
17:55 Castle Age
17:00 Gold Mining
20:47 Bow Saw
22:27 Wheelbarrow
23:00 Gold Shaft Mining
22:55 Heavy Plow
23:37 Loom
23:40 Town Watch
24:58 Scale Mail Armor
25:03 Pikeman
25:54 Squires
26:22 Hand Cart
30:51 Eupseong
32:32 Chain Mail Armor
32:28 Forging
35:49 Imperial Age
33:13 Fletching
36:20 Stone Mining
36:28 Bodkin Arrow
36:02 Elite War Wagon
36:23 Capped Ram
38:53 Chemistry
38:17 Ballistics
38:32 Halberdier
39:12 Elite Fire Lancer
42:25 Bracer
42:30 Scale Barding Armor
45:26 Stone Shaft Mining
46:57 Iron Casting
46:49 Arson
canijo2512
11:07 Feudal Age
11:16 Double-Bit Axe
11:12 Horse Collar
18:07 Wheelbarrow
18:45 Fletching
21:04 Castle Age
19:06 Gold Mining
20:04 Padded Archer Armor
20:27 Crossbowman
21:03 Bodkin Arrow
21:19 Bow Saw
21:41 Heavy Plow
21:29 Loom
24:33 Town Watch
30:00 Imperial Age
28:38 Ballistics
29:38 Leather Archer Armor
30:56 Chemistry
32:46 Crop Rotation
33:51 Arbalester
37:36 Scale Barding Armor
37:42 Forging
37:50 Husbandry
38:32 Conscription
39:42 Iron Casting
39:51 Elite Battle Elephant
44:18 Blast Furnace
45:28 Light Cavalry
Condorito17
6:29 Loom
9:07 Feudal Age
11:45 Fletching
13:56 Double-Bit Axe
23:29 Castle Age
23:43 Horse Collar
24:16 Bodkin Arrow
32:02 Imperial Age
32:10 Forging
32:01 Scale Mail Armor
39:41 Iron Casting
39:22 Chain Mail Armor
42:13 Blast Furnace
42:44 Wheelbarrow
47:23 Plate Mail Armor
47:14 Hand Cart
46:44 Town Watch
Rbofff
10:28 Feudal Age
14:11 Castle Age
12:15 Double-Bit Axe
12:30 Horse Collar
14:55 Fletching
18:47 Bloodlines
20:29 Bodkin Arrow
21:30 Padded Archer Armor
23:56 Bow Saw
29:20 Wheelbarrow
30:00 Leather Archer Armor
32:55 Imperial Age
30:20 Gold Mining
31:19 Husbandry
32:08 Thumb Ring
31:35 Light Cavalry
32:26 Forging
33:41 Bracer
34:03 Ballistics
34:48 Conscription
37:04 Chemistry
43:23 Hand Cart
43:55 Scale Barding Armor
44:26 Iron Casting
TLDR
10:18 Feudal Age
11:41 Man-at-Arms
14:36 Scale Mail Armor
18:50 Loom
19:46 Fletching
23:50 Double-Bit Axe
30:48 Castle Age
30:56 Elite Skirmisher
31:36 Bodkin Arrow
33:36 Padded Archer Armor
39:46 Guard Tower
41:17 Bow Saw
42:11 Ballistics
43:29 Wheelbarrow
42:39 Town Watch
43:23 Masonry
HyenHks
11:06 Feudal Age
12:37 Wheelbarrow
11:52 Double-Bit Axe
12:16 Horse Collar
15:13 Castle Age
15:39 Loom
16:55 Bow Saw
18:02 Heavy Plow
21:00 Hand Cart
25:21 Scale Barding Armor
26:44 Chain Barding Armor
26:15 Fletching
26:40 Bloodlines
26:35 Husbandry
26:35 Gold Mining
30:29 Imperial Age
27:46 Town Watch
28:41 Forging
30:17 Iron Casting
29:08 Elite Skirmisher
30:53 Gold Shaft Mining
32:30 Two-Man Saw
31:37 Bodkin Arrow
31:45 Padded Archer Armor
34:08 Bracer
35:11 Chemistry
34:31 Ballistics
36:18 Plate Barding Armor
35:24 Heavy Camel Rider
37:04 Shatagni
44:22 Leather Archer Armor
45:33 Scale Mail Armor
45:50 Pikeman
vascoduro
5:01 Double-Bit Axe
7:20 Horse Collar
12:00 Gold Mining
13:43 Feudal Age
14:08 Loom
17:35 Castle Age
16:00 Bow Saw
15:55 Heavy Plow
16:28 Scale Barding Armor
17:26 Gold Shaft Mining
17:35 Forging
17:44 Cavalier
19:07 Iron Casting
21:26 Husbandry
22:05 Wheelbarrow
22:39 Chain Barding Armor
22:16 Town Watch
25:49 Two-Man Saw
27:28 Hand Cart
27:40 Fervor
28:59 Stone Mining
32:47 Imperial Age
30:58 Sanctity
30:48 Redemption
31:17 Stone Shaft Mining
30:34 Fletching
30:45 Padded Archer Armor
33:41 Bodkin Arrow
33:40 Crossbowman
34:57 Bracer
36:59 Block Printing
38:27 Chemistry
37:29 Town Patrol
37:42 Onager
38:49 Conscription
39:49 Hoardings
39:23 Treadmill Crane
40:47 Leather Archer Armor
41:17 Herbal Medicine
42:32 Blast Furnace
41:54 Ballistics
44:10 Scale Mail Armor
44:07 Elite Skirmisher
44:16 Capped Ram
47:00 Fortified Wall
scarabe
11:14 Feudal Age
12:57 Double-Bit Axe
16:03 Castle Age
15:45 Loom
16:16 Horse Collar
18:58 Fervor
19:20 Fletching
19:58 Sanctity
27:23 Imperial Age
26:03 Town Watch
28:20 Chemistry
32:11 Wheelbarrow
35:23 Houfnice
36:48 Masonry
45:07 Fortified Wall
Connection lost

Rejoining the realm…

Still unreachable

The connection could not be restored.

Session expired

The server has moved on; the page needs a fresh start.